 Dungeon Crawl Stone Soup version 0.25.1-2-g60ff931df9 (webtiles) character file.

Game seed: 1063235644852532455

1355 DildoBatman the Conjurer (level 8, 0/52 HPs)
             Began as a Formicid Wizard on Sept 7, 2020.
             Slain by a wight
             ... wielding a +2 hand axe
              (4 damage)
             ... on level 7 of the Dungeon.
             The game lasted 00:19:31 (5835 turns).

DildoBatman the Conjurer (Formicid Wizard)          Turns: 5835, Time: 00:19:31

Health: 0/52       AC:  8    Str: 12    XL:     8   Next: 95%
Magic:  11/21      EV: 11    Int: 20    God:
Gold:   281        SH:  0    Dex:  9    Spells: 6/13 levels left

rFire    . . .     SeeInvis +   a - +3 short sword
rCold    . . .     Gourm    .   (no shield)
rNeg     . . .     Faith    .   i - +0 robe
rPois    .         Spirit   .   (helmet unavailable)
rElec    .         Reflect  .   u - +0 cloak
rCorr    .         Harm     .   F - +0 pair of gloves
MR       .....                  (no boots)
Stlth    ++........             (no amulet)
HPRegen  0.17/turn              y - ring of magical power
MPRegen  0.17/turn              D - +4 ring of protection

@: heavily drained
A: permanent stasis, dig shafts and tunnels, four strong arms, antennae 3,
talons 1, camouflage 1, MP-powered wands
a: Dig, Shaft Self


You were on level 7 of the Dungeon.
You were near starving.

You visited 2 branches of the dungeon, and saw 9 of its levels.

You collected 281 gold pieces.

Inventory:

Hand Weapons
 a - a +3 short sword (weapon)
 A - a +0 trident
 B - a +0 arbalest
 H - a +0 fustibalus
Missiles
 b - 173 stones
 d - 35 sling bullets
 e - 10 arrows
 g - 4 boomerangs (quivered)
 k - 4 poisoned darts
 p - 42 bolts
 E - 8 javelins
Armour
 i - a +0 robe (worn)
 j - a +0 kite shield
 u - a +0 cloak (worn)
 F - a +0 pair of gloves (worn)
Jewellery
 c - an uncursed ring of protection from fire
 y - a ring of magical power (left hand)
 D - a +4 ring of protection (right hand)
Wands
 s - a wand of paralysis (7)
Scrolls
 h - a scroll of magic mapping {unknown}
 o - 3 scrolls of enchant weapon {unknown}
 r - a scroll of fog
 w - a scroll of amnesia {unknown}
 x - a scroll of fear {unknown}
 z - a scroll of identify
Potions
 f - 4 potions of curing
 l - 4 potions of heal wounds {unknown}
 m - 2 potions of ambrosia {unknown}
 q - a potion of berserk rage {unknown}
 t - a potion of magic {unknown}
 C - a potion of stabbing {unknown}
 G - 2 potions of flight {unknown}
Comestibles
 n - 10 chunks of flesh
 v - 9 rations


   Skills:
 - Level 1.7(0.7) Dodging
 - Level 2.4(1.3) Stealth
 - Level 3.2(2.1) Spellcasting
 - Level 6.0(4.7) Conjurations
   Level 1.0(0.0) Summonings
   Level 0.8(0.0) Translocations
 - Level 5.0(3.8) Fire Magic
 * Level 4.8(3.6) Air Magic


You had 6 spell levels left.
You knew the following spells:

 Your Spells              Type           Power        Failure   Level  Hunger
a - Conjure Flame         Conj/Fire      ###.....     8%          3    ###....
c - Magic Dart            Conj           ###.         2%          1    #......
e - Mephitic Cloud        Conj/Pois/Air  ##......     14%         3    ###....

Your spell library contained the following spells:

 Spells                   Type           Power        Failure   Level  Hunger
 Call Imp                 Summ           #.......     24%         2    ##.....
 Slow                     Hex            #.......     24%         2    ##.....
 Blink                    Tloc           Unusable     N/A         2    N/A

Dungeon Overview and Level Annotations

Branches:
Dungeon (8/15)             Temple (1/1) D:7
   Lair: D:8-11

Altars:
Ashenzari
Cheibriados
Dithmenos
Elyvilon
Fedhas
Gozag
Hepliaklqana
Makhleb
Nemelex Xobeh
Okawaru
Qazlal
Ru
Trog
Uskayaw
Vehumet
Wu Jian
Xom
Yredelemnul
Zin
The Shining One

Shops:
D:5 =

Annotations:
D:1 exclusions: draconian and worm
D:2 exclusions: orc, sensed monster (detected) and 1 more exclusion, Jessica, Terence
D:5 exclusion: ogre
D:6 exclusion: centaur
D:7 exclusion: hungry ghost


Innate Abilities, Weirdness & Mutations

You cannot be hasted, slowed, berserked, paralysed or teleported.
You can dig through walls and to a lower floor.
Your four strong arms can wield two-handed weapons with a shield.
You have a pair of large antennae on your head. (SInv)
You have sharp toenails.
Your skin changes colour to match your surroundings (Stealth+).
You expend magic power (3 MP) to strengthen your wands.


Message History

r - Retreat! s - Stop attacking. g - Guard the area. f - Follow me.
Anything else - Cancel.
You shout for attention!
The wight hits you but does no damage. The hungry ghost hits you.
You feel somewhat more hungry. The wight hits you with a +2 dagger.
The wight barely misses you. The wight misses you.
Some of the chunks of flesh in your inventory have rotted away.
What are your orders? t - Shout!
Orders for allies: a - Attack new target. p - Attack previous target. r - Retreat! s - Stop attacking. g - Guard the area. f - Follow me.
Anything else - Cancel.
You shout for attention!
The wight hits you with a +2 hand axe.
You die...

######.#.# ... ....##.#.# ......
....##.#.# ...... ....##.#.######
...... ....#.........####......
....#........(..........
..†...........(.........
##)............zzz......
##....<......(..@z.###.
##..............#W...# ..........
##..........(...#....# W.........
##......####....#....# .........
##......# #....#....#......$....
##...#### #....#..#..#...#....##
######### #.......#......#....##
........#######..#.# #....#....##
..................###........>...


You could see a hungry ghost and 4 wights.

Vanquished Creatures
  A sky beast (D:5)
  2 ogres
  A big kobold (D:7)
  3 bullfrogs
  2 scorpions
  5 hounds
  4 orc priests
  A centaur skeleton (D:5)
  An orc wizard (D:7)
  A bullfrog skeleton (D:3)
  2 iguanas (D:4)
  3 worker ants (D:4)
  A hound zombie (D:5)
  2 hound skeletons
  11 adders
  2 oozes
  3 adder skeletons
  A worm (D:4)
  2 dart slugs (D:2)
  3 leopard geckos
  13 orcs
  9 bats
  5 giant cockroaches
  7 goblins
  6 hobgoblins
  8 jackals
  2 quokkas (D:3)
  3 frilled lizards
  13 kobolds
  A quokka skeleton (D:4)
  6 rats
124 creatures vanquished.

Notes
Turn   | Place    | Note
-------+----------+-------------------------------------------
     0 | D:1      | DildoBatman the Formicid Wizard began the quest for the
                  | Orb.
     0 | D:1      | Reached XP level 1. HP: 13/13 MP: 4/4
     4 | D:1      | Noticed a draconian
     7 | D:1      | Noticed a naga
     7 | D:1      | Noticed an ogre
     9 | D:1      | Noticed a demigod
     9 | D:1      | Noticed a merfolk
    11 | D:1      | Noticed a ghoul
    11 | D:1      | Noticed a vampire
    13 | D:1      | Noticed a formicid
    13 | D:1      | Noticed an elf
    15 | D:1      | Noticed a dwarf
    23 | D:1      | Noticed a felid
    23 | D:1      | Noticed a spriggan
    25 | D:1      | Noticed a vine stalker
    25 | D:1      | Noticed a tengu
    27 | D:1      | Noticed a human
    27 | D:1      | Noticed a centaur
    29 | D:1      | Noticed a minotaur
    29 | D:1      | Noticed an octopode
    31 | D:1      | Noticed a demonspawn
    31 | D:1      | Noticed a halfling
    33 | D:1      | Noticed a troll
    33 | D:1      | Noticed a gargoyle
    91 | D:1      | Reached skill level 1 in Conjurations
   201 | D:1      | Reached XP level 2. HP: 19/19 MP: 3/6
   254 | D:1      | Reached skill level 2 in Conjurations
   687 | D:1      | Reached XP level 3. HP: 24/24 MP: 3/7
   774 | D:2      | Noticed Terence
   835 | D:2      | Noticed Jessica
  1387 | D:2      | Reached skill level 3 in Conjurations
  1562 | D:2      | Reached XP level 4. HP: 28/30 MP: 0/8
  1790 | D:2      | Learned a level 3 spell: Conjure Flame
  1794 | D:2      | Learned a level 3 spell: Mephitic Cloud
  2374 | D:3      | Reached skill level 4 in Conjurations
  2374 | D:3      | Reached XP level 5. HP: 35/35 MP: 4/9
  2418 | D:3      | Found a glowing silver altar of Zin.
  2970 | D:4      | Reached skill level 5 in Conjurations
  2970 | D:4      | Reached XP level 6. HP: 35/41 MP: 10/10
  3116 | D:4      | HP: 1/41 [iguana (15)]
  3275 | D:4      | Reached skill level 1 in Fire Magic
  3458 | D:4      | Reached skill level 1 in Air Magic
  3668 | D:4      | Found a blossoming altar of Fedhas.
  3669 | D:4      | Found a sparkling altar of Nemelex Xobeh.
  3671 | D:4      | Found a bloodstained altar of Trog.
  3686 | D:4      | Found an iron altar of Okawaru.
  3686 | D:4      | Found a shadowy altar of Dithmenos.
  3687 | D:4      | Found an ornate altar of the Wu Jian Council.
  3688 | D:4      | Found a glowing golden altar of the Shining One.
  3689 | D:4      | Found a radiant altar of Vehumet.
  3797 | D:4      | Found an opulent altar of Gozag.
  3898 | D:4      | Reached XP level 7. HP: 37/46 MP: 11/11
  4333 | D:4      | Gained mutation: You are partially covered in iridescent
                  | scales. (AC +2) [potion of mutation]
  4333 | D:4      | Gained mutation: Your mind is acute. (Int +2) [potion of
                  | mutation]
  4333 | D:4      | Gained mutation: Armour fits poorly on your strangely
                  | shaped body. [potion of mutation]
  4333 | D:4      | Gained mutation: You are robust. (+10% HP) [potion of
                  | mutation]
  4334 | D:4      | Lost mutation: Armour fits poorly on your strangely shaped
                  | body. [potion of mutation]
  4334 | D:4      | Lost mutation: You are robust. (+10% HP) [potion of
                  | mutation]
  4334 | D:4      | Lost mutation: You are partially covered in iridescent
                  | scales. (AC +2) [potion of mutation]
  4334 | D:4      | Lost mutation: Your mind is acute. (Int +2) [potion of
                  | mutation]
  4334 | D:4      | Gained mutation: You are partially covered in rugged brown
                  | scales. (AC +1, +3% HP) [potion of mutation]
  4334 | D:4      | Gained mutation: Your flesh is cold resistant. (rC+)
                  | [potion of mutation]
  4334 | D:4      | Gained mutation: You are resistant to hostile enchantments.
                  | (MR+) [potion of mutation]
  4335 | D:4      | Lost mutation: You are resistant to hostile enchantments.
                  | (MR+) [potion of mutation]
  4335 | D:4      | Lost mutation: You are partially covered in rugged brown
                  | scales. (AC +1, +3% HP) [potion of mutation]
  4335 | D:4      | Lost mutation: Your flesh is cold resistant. (rC+) [potion
                  | of mutation]
  4335 | D:4      | Gained mutation: You are weak. (Str -2) [potion of
                  | mutation]
  4335 | D:4      | Gained mutation: You are frail. (-10% HP) [potion of
                  | mutation]
  4335 | D:4      | Gained mutation: Your mind is acute. (Int +2) [potion of
                  | mutation]
  4336 | D:4      | Lost mutation: You are weak. (Str -2) [potion of mutation]
  4336 | D:4      | Lost mutation: You are frail. (-10% HP) [potion of
                  | mutation]
  4336 | D:4      | Lost mutation: Your mind is acute. (Int +2) [potion of
                  | mutation]
  4336 | D:4      | Gained mutation: Your skin changes colour to match your
                  | surroundings (Stealth+). [potion of mutation]
  4336 | D:4      | Gained mutation: You expend magic power (3 MP) to
                  | strengthen your wands. [potion of mutation]
  4336 | D:4      | Gained mutation: You have sharp toenails. [potion of
                  | mutation]
  4338 | D:5      | Entered Level 5 of the Dungeon
  4348 | D:5      | Found a white marble altar of Elyvilon.
  4387 | D:5      | Found Osmaer's Jewellery Shop.
  4592 | D:5      | Reached skill level 6 in Conjurations
  4592 | D:5      | Reached XP level 8. HP: 44/52 MP: 12/12
  5104 | D:6      | You fall into a shaft and drop 2 floors!
  5231 | D:7      | Found a staircase to the Ecumenical Temple.
  5238 | Temple   | Entered the Ecumenical Temple
  5462 | D:7      | Found a hazy altar of Hepliaklqana.
  5603 | D:7      | Reached skill level 5 in Fire Magic
  5835 | D:7      | Slain by a wight

Illustrated notes

Levels and vault maps discovered:
D:1:      kb_arrival_jail, layout_rooms
D:2:      layout_loops_cross, serial_bayou, serial_bayou_pond_e,
          serial_bayou_pond_e, serial_bayou_pond_c, serial_bayou_shore_a,
          minmay_indecisive_spiral, uniq_terence, uniq_jessica
D:3:      wander_river, layout_basic, zin_scriptorium
D:4:      minmay_skewed_foursquare, layout_loops_ring, minitemple,
          grunt_gozag_statues
D:5:      layout_basic, serial_shops, kennysheep_mini_moat, first_ration,
          elyvilon_altar_5
D:6:      layout_basic, gammafunk_temple_overflow_elements,
          minmay_misc_feat_nine_boxes, minmay_misc_feat_enclosed
D:7:      layout_basic, old_standard_altar, minmay_temple_entry_arrows,
          serial_shops, nicolae_shop_behind_doors
D:8:      layout_loops_ring, lair_entry_dummy, serial_shops, shop,
          hangedman_pestilent_swarm
Temple:   eino_wide_crystal_templ

Skill      XL: |  1  2  3  4  5  6  7  8 |
---------------+-------------------------+-----
Conjurations   | 1 2 3 4 5 6 |  6.0
Fire Magic     | 1 3 5 |  5.0
Air Magic      | 1 2 4 |  4.8
Dodging        | |  1.7
Stealth        | |  2.4
Spellcasting   | |  3.2
Summonings     | |  1.0
Translocations | |  0.8

Action                   |  1- 3 |  4- 6 |  7- 9 || total
-------------------------+-------+-------+-------++-------
Melee: Whip              |     4 |     2 |       ||     6
       Short sword       |       |    26 |    59 ||    85
       Kick              |       |       |    11 ||    11
Throw: Stone             |     9 |       |       ||     9
       Boomerang         |       |     9 |     3 ||    12
 Cast: Magic Dart        |    78 |   101 |   112 ||   291
       Conjure Flame     |       |     4 |     9 ||    13
       Mephitic Cloud    |       |     9 |    13 ||    22
 Abil: Dig               |     2 |     2 |     2 ||     6
  Use: Scroll            |       |     5 |     3 ||     8
       Potion            |       |       |     4 ||     4
 Stab: Confused          |       |       |     2 ||     2
  Eat: Chunk             |     2 |     9 |     8 ||    19
Armor: Robe              |    15 |     3 |    37 ||    55
Dodge: Dodged            |    20 |    30 |    90 ||   140
